 Dungeon Crawl Stone Soup version 0.24.0-125-gc4c63601f3 (webtiles) character file.

Game seed: 14168604074867305715, levelgen mode: deterministic

381 Amplified the Caller (level 6, -5/42 HPs)
             Began as an Octopode Summoner on Mar 11, 2020.
             Killed from afar by an orc wizard (7 damage)
             ... with a magic dart
             ... on level 6 of the Dungeon.
             The game lasted 00:07:08 (3620 turns).

Amplified the Caller (Octopode Summoner)            Turns: 3620, Time: 00:07:10

Health: -5/42      AC:  2    Str:  5 (8)  XL:     6   Next: 75%
Magic:  7/11       EV: 17    Int: 20 (23) God:
Gold:   250        SH:  4    Dex:  8 (13) Spells: 5/11 levels left

rFire    x . .     SeeInvis .   h - +3 dagger (speed)
rCold    + + .     Gourm    .   (no shield)
rNeg     . . .     Faith    .   (helmet restricted)
rPois    .         Spirit   .   (no amulet)
rElec    .         Reflect  .   f - ring of ice
rCorr    .         Harm     .   o - ring of protection from cold
MR       .....                  p - +3 ring of evasion
Stlth    +++.......             (no ring)
HPRegen  0.14/turn              (no ring)
MPRegen  0.12/turn              (no ring)
                                (no ring)
                                (no ring)

@: brilliant, hasted, very quick
A: almost no armour, stealthy swim, amphibious, 8 rings, constrict 8, large bone
plates 1, camouflage 1, shaggy fur 1, gelatinous body 1
a: no special abilities


You were on level 6 of the Dungeon.
You were very hungry.

You visited 1 branch of the dungeon, and saw 6 of its levels.

You collected 250 gold pieces.

Inventory:

Hand Weapons
 e - a +0 whip
 h - a +3 dagger of speed (weapon)
Jewellery
 f - a ring of ice (left tentacle)
 o - a ring of protection from cold (right tentacle)
 p - a +3 ring of evasion (on tentacle)
Scrolls
 l - a scroll of fog
 u - 5 scrolls of remove curse
Potions
 a - a potion of agility
 d - 2 potions of cancellation
 g - a potion of mutation
 j - a potion of degeneration
 n - a potion of brilliance
Comestibles
 b - 10 rations


   Skills:
 * Level 3.1 Fighting
 * Level 3.9 Dodging
 - Level 2.6 Stealth
 - Level 3.4 Spellcasting
 * Level 5.2 Summonings


You had 5 spell levels left.
You knew the following spells:

 Your Spells              Type           Power        Failure   Level  Hunger
a - Summon Small Mammal   Summ           ####         1%          1    None
b - Call Imp              Summ           #####...     1%          2    ##.....
c - Call Canine Familiar  Summ           #####...     1%          3    ###....

Your spell library contained the following spells:

 Spells                   Type           Power        Failure   Level  Hunger
 Animate Skeleton         Necr           N/A          1%          1    None
 Magic Dart               Conj           ###.         1%          1    None
 Pain                     Necr           ###.         1%          1    None
 Summon Guardian Golem    Hex/Summ       ####....     1%          3    ###....
 Searing Ray              Conj           ###...       2%          2    ##.....
 Dazzling Spray           Conj/Hex       ###...       4%          3    ###....
 Regeneration             Chrm/Necr      ###.......   4%          3    ###....
 Vampiric Draining        Necr           ###.......   4%          3    ###....
 Summon Ice Beast         Ice/Summ       #####...     5%          4    ####...
 Summon Lightning Spire   Summ/Air       ####....     5%          4    ####...
 Animate Dead             Necr           N/A          14%         4    ####...
 Force Lance              Conj/Tloc      ###.....     14%         4    ####...
 Fulminant Prism          Conj/Hex       ###.......   14%         4    ####...
 Iskenderun's Mystic Bla  Conj           ###.....     14%         4    ####...


Dungeon Overview and Level Annotations

Branches:
Dungeon (6/15)
 Temple: D:4-7

Altars:
Elyvilon
Makhleb
Qazlal

Annotations:
D:5 1 runed translucent door, Alannah's ghost, novice DsHu


Innate Abilities, Weirdness & Mutations

You cannot wear most types of armour.
You are very stealthy in the water. (Stealth+)
You are amphibious.
You can wear up to eight rings at the same time.
You can use your tentacles to constrict eight enemies at once.
Your skin changes colour to match your surroundings (Stealth+).
Your rubbery body absorbs attacks. (AC +1, EV +1)
You are partially covered in large bone plates. (SH +4)
You are covered in fur. (AC +1)


Message History

You barely miss the adder. Your squeeze misses the adder.
The adder is heavily wounded.
You constrict the adder.
The centaur struggles against the net.
The net rips apart, and the centaur comes free!
Your wolf completely misses the centaur.
Unknown command.
You hit the adder but do no damage.
The adder is severely wounded.
You constrict the adder. The quasit closely misses you. The quasit claws you.
* * * LOW HITPOINT WARNING * * *
The quasit closely misses you. You block the adder's attack.
The orc wizard misses you.
Your white imp hits the adder.
The adder dies!
Your wolf bites the centaur.
The centaur hits you!
* * * LOW HITPOINT WARNING * * *
The quasit misses you. You block the quasit's attack.
The quasit closely misses you.
Your wolf closely misses the centaur.
The orc wizard casts a spell at you. The magic dart hits you!
You die...

...........
..........
..........
.........#
.........#
........)#
........5#
.......@5#
......co(#
.......h)#
......)..#
.......§§#
.......§§#
##########


You could see a centaur, an orc wizard, a quasit, a friendly wolf and a friendly
white imp.

Vanquished Creatures
  A scorpion (D:4)
  A jelly (D:3)
  2 centaur skeletons (D:4)
  2 hounds (D:4)
  A worker ant (D:4)
  A gnoll (D:5)
  4 adders
  A dart slug (D:2)
  3 leopard geckos
  3 orcs
  5 giant cockroaches
  4 goblins (D:1)
  3 hobgoblins
  3 jackals
  3 kobolds
  5 quokkas
  2 ball pythons
  7 bats
  6 frilled lizards
  7 rats
64 creatures vanquished.

Vanquished Creatures (collateral kills)
  An ice beast (D:6)
  2 adders
  An ooze (D:4)
  An adder skeleton (D:4)
  A worm (D:2)
  A dart slug (D:1)
  5 orcs
  A bat (D:1)
  2 hobgoblins (D:1)
  2 frilled lizards
  A rat (D:1)
18 creatures vanquished.

Grand Total: 82 creatures vanquished

Notes
Turn   | Place    | Note
-------+----------+-------------------------------------------
     0 | D:1      | Amplified the Octopode Summoner began the quest for the
                  | Orb.
     0 | D:1      | Reached XP level 1. HP: 11/11 MP: 3/3
   233 | D:1      | Reached XP level 2. HP: 11/18 MP: 0/5
   247 | D:1      | Learned a level 2 spell: Call Imp
   648 | D:1      | Reached skill level 1 in Fighting
   940 | D:2      | Reached XP level 3. HP: 23/23 MP: 6/6
  1159 | D:2      | Learned a level 3 spell: Call Canine Familiar
  1281 | D:2      | Found a white marble altar of Elyvilon.
  1282 | D:2      | Found a stormy altar of Qazlal.
  1570 | D:3      | Reached XP level 4. HP: 28/28 MP: 7/7
  1885 | D:4      | Reached XP level 5. HP: 27/34 MP: 9/9
  2184 | D:4      | Reached XP level 6. HP: 25/41 MP: 6/10
  2338 | D:4      | Reached skill level 5 in Summonings
  2403 | D:4      | Found a burning altar of Makhleb.
  2688 | D:5      | Entered Level 5 of the Dungeon
  3527 | D:5      | Found a runed translucent door.
  3528 | D:5      | Noticed Alannah's ghost (novice DsHu)
  3589 | D:6      | Noticed an ice beast
  3590 | D:6      | Gained mutation: You are partially covered in large bone
                  | plates. (SH +4) [potion of mutation]
  3590 | D:6      | Gained mutation: You are covered in fur. (AC +1) [potion of
                  | mutation]
  3610 | D:6      | Killed an ice beast
  3614 | D:6      | HP: 2/42 [orc/+0 mace (7)]
  3620 | D:6      | HP: 2/42 [centaur (9)]
  3620 | D:6      | Killed from afar by an orc wizard

Levels and vault maps discovered:
D:1:      dpeg_arrival_court, layout_basic
D:2:      layout_basic, gammafunk_temple_overflow_statue
D:3:      layout_basic, serial_rivers, chequers_serial_rivers_small_b,
          chequers_serial_rivers_marsh, chequers_serial_rivers_micro_a,
          chequers_serial_rivers_room_b, chequers_serial_rivers_micro_e,
          chequers_serial_rivers_micro_c
D:4:      kennysheep_spiral_hall, layout_cave_pools, makhleb_blood_cavern_becter
D:5:      layout_basic, first_ration, gammafunk_ghost_grave, sigmund_army,
          uniq_eustachio
D:6:      layout_basic, vehumet_statue, minmay_temple_entry_statues_fountains,
          ebering_ghost_xom, uniq_grinder

Skill      XL: |  1  2  3  4  5  6 |
---------------+-------------------+-----
Fighting       | 1 2 3 |  3.1
Dodging        | 3 |  3.9
Spellcasting   | 3 |  3.4
Summonings     | 5 |  5.2
Stealth        | |  2.6

Action                   |  1- 3 |  4- 6 || total
-------------------------+-------+-------++-------
Melee: Unarmed           |     8 |       ||     8
       Constrict         |    18 |    23 ||    41
       Club              |     5 |       ||     5
       Tentacles         |    13 |    17 ||    30
       Dagger            |    56 |   111 ||   167
       Whip              |     5 |       ||     5
Throw: Throwing net      |       |     1 ||     1
 Cast: Summon Small Mamm |    22 |    11 ||    33
       Call Imp          |     1 |     1 ||     2
       Call Canine Famil |     1 |     5 ||     6
  Use: Scroll            |     3 |     9 ||    12
       Potion            |       |    10 ||    10
 Stab: Sleeping          |    11 |     4 ||    15
       Distracted        |       |     1 ||     1
       Invisible         |       |     1 ||     1
  Eat: Chunk             |     2 |     6 ||     8
Armor: Skin              |     8 |    10 ||    18
Dodge: Dodged            |    38 |   147 ||   185
Block: Other             |       |    11 ||    11
